 Dungeon Crawl Stone Soup version 0.28.0-53-g5a82cb258f (webtiles) character file.

Game seed: 7666373055613698189

54 MiltankisOP the Ducker (level 3, -1/27 HPs)
             Began as an Octopode Monk on July 14, 2022.
             Slain by an orc wizard
             ... wielding a +0 dagger
              (3 damage)
             ... on level 3 of the Dungeon.
             The game lasted 00:01:30 (1768 turns).

MiltankisOP the Ducker (Octopode Monk)              Turns: 1768, Time: 00:01:31

Health: -1/27      AC:  1    Str: 10    XL:     3   Next: 91%
Magic:  3/3        EV: 14    Int: 12    God:
Gold:   40         SH:  0    Dex: 16    Spells: 2/2 levels left

rFire   . . .      SeeInvis .   h - +2 long sword (flame)
rCold   . . .      Faith    .   (no shield)
rNeg    . . .      Spirit   .   (helmet restricted)
rPois   .          Reflect  .   (no amulet)
rElec   .          Harm     .   (no ring)
rCorr   .          Rampage  .   (no ring)
Will    .....                   (no ring)
Stlth   +++.......              (no ring)
HPRegen 0.09/turn               (no ring)
MPRegen 0.08/turn               (no ring)
                                (no ring)
                                (no ring)

@: no status effects
A: almost no armour, amphibious, 8 rings, camouflage 1, gelatinous body 1,
(nimble swimmer 1), tentacles
a: no special abilities


You were on level 3 of the Dungeon.
You visited 1 branch of the dungeon, and saw 3 of its levels.

You collected 40 gold pieces.

Inventory:

Hand Weapons
 h - a +2 long sword of flaming (weapon)
Jewellery
 l - a ring of magical power
Scrolls
 a - 2 scrolls of identify {unknown}
 c - a scroll of blinking {unknown}
 d - a scroll of immolation {unknown}
 j - a scroll of teleportation {unknown}
 k - a scroll of noise {unknown}
Potions
 b - a potion of mutation {unknown}
 e - a potion of flight {unknown}
 f - a potion of lignification {unknown}
 g - a potion of curing {unknown}
 i - a potion of brilliance {unknown}


   Skills:
 + Level 3.9 Fighting
 + Level 3.9 Dodging
 - Level 2.6 Stealth
 - Level 3.0 Unarmed Combat


You had 2 spell levels left.
You didn't know any spells.
Your spell library was empty.

Dungeon Overview and Level Annotations

Branches:
Dungeon (3/15)

Altars:
Fedhas


Innate Abilities, Weirdness & Mutations

You cannot wear most types of armour.
You are amphibious.
You can wear up to eight rings at the same time.
Your skin changes colour to match your surroundings (Stealth+).
Your rubbery body absorbs attacks. (AC +1, EV +1)
((You are camouflaged when in or above water. (Stealth+)))
You have tentacles for arms and can constrict up to eight enemies at once.


Message History

You constrict the orc wizard.
The orc wizard escapes!
You're too confused to move!
The orc wizard casts a spell at you. The magic dart hits you.
An orc comes into view. It is wielding a +0 short sword.
You barely miss the orc wizard.
The orc wizard is heavily wounded.
The orc misses you.
The orc wizard hits you with a +0 dagger.
The orc wizard gestures at you while chanting.
You are more confused.
You bump into the rock wall.
The orc wizard hits you with a +0 dagger.
You closely miss the orc wizard. Your squeeze misses the orc wizard.
The orc wizard is heavily wounded.
You barely miss the orc wizard. Your squeeze misses the orc wizard.
The orc wizard is heavily wounded.
The orc wizard barely misses you. The orc closely misses you.
You miss the orc wizard. Your squeeze misses the orc wizard.
The orc wizard is heavily wounded.
The orc wizard casts a spell at you. The magic dart hits you.
The orc barely misses you.
The orc wizard hits you with a +0 dagger.
The orc hits you with a +0 short sword.
You closely miss the orc wizard.
The orc wizard is heavily wounded.
The orc wizard points at you and mumbles some strange words.
The magic dart hits you!
* * * LOW HITPOINT WARNING * * *
The orc closely misses you.
You feel less confused.
The orc wizard casts a spell.
The orc wizard flickers and vanishes!
Deactivating autopickup; reactivate with Ctrl-A.
The orc barely misses you.
You hit the orc. You burn the orc. Your grab misses the orc.
You tentacle-slap the orc.
You kill the orc!
Found a book of Alchemy.
Something hits you.
You die...

.......<....# .# #
........#####
##.##.#
...##...>####
#.....
.....)......###..#
................#
............###.#
[...........# #.#
.......##.#####.#
...#..# #.# #@)#
..... #.. #o##
(### ... ....
##.......
##....:..
.........#
..........#
..........#


You could see an orc.

Vanquished Creatures
  An adder (D:2)
  A worm (D:2)
  A dart slug (D:1)
  2 orcs (D:3)
  A ball python (D:2)
  3 bats (D:1)
  4 endoplasms (D:1)
  A giant cockroach (D:2)
  5 goblins
  3 hobgoblins
  3 quokkas (D:1)
  4 kobolds
  6 rats
35 creatures vanquished.

Notes
Turn   | Place    | Note
-------+----------+-------------------------------------------
     0 | D:1      | MiltankisOP the Octopode Monk began the quest for the Orb.
     0 | D:1      | Reached XP level 1. HP: 16/16 MP: 1/1
   267 | D:1      | Reached XP level 2. HP: 14/21 MP: 2/2
   613 | D:1      | Found a faded altar of an unknown god.
   682 | D:1      | Reached XP level 3. HP: 26/26 MP: 3/3
  1135 | D:2      | Found a blossoming altar of Fedhas.
  1765 | D:3      | HP: 1/27 [orc wizard/magic dart (8)]
  1768 | D:3      | Slain by an orc wizard

Illustrated notes

Levels and vault maps discovered:
D:1:      scummos_arrival_checkerplants, layout_basic,
          ebering_ecumenical_altar_rust, roderic_st_hans_cross
D:2:      layout_loops_ring, basic_altar
D:3:      layout_rooms, mainiacjoe_overflow_alcove_3, serial_shops, shop_statue,
          chequers_decorated_corner, grunt_ministairs_3

Action                   || total
-------------------------++-------
Melee: Unarmed           ||    50
       Tentacles         ||    11
       Constrict         ||    17
       Punch             ||     4
       Long sword        ||    24
 Stab: Sleeping          ||    11
Armor: Skin              ||     5
Dodge: Dodged            ||    35
